 Dungeon Crawl Stone Soup version 0.17.0-1-g61d176b (webtiles) character file.

1333 andalon the Covered (level 8, -5/68 HPs)
             Began as a Minotaur Fighter on Nov 7, 2015.
             Killed from afar by an electric eel (8 damage)
             ... with a bolt of electricity
             ... on level 6 of the Dungeon.
             The game lasted 00:30:49 (5407 turns).

andalon the Covered (Minotaur Fighter)              Turns: 5407, Time: 00:30:49

Health: -5/68      AC: 14    Str: 21 (22) XL:     8   Next: 34%
Magic:  7/7        EV:  5    Int:  7      God:
Gold:   324        SH: 15    Dex:  9      Spells: 1 memorised, 6 levels left

rFire  . . .     SeeInvis .     a - +0 war axe
rCold  . . .     Clarity  .     r - +0 chain mail
rNeg   . . .     SustAt   .     G - +0 large shield
rPois  .         Gourm    .     k - +2 hat
rElec  .         Spirit   .     o - +0 cloak
rCorr  .         Warding  .     (no gloves)
rMut   .         Stasis   .     (no boots)
MR     +....                    (no amulet)
Stlth  ..........               x - ring of protection from magic
                                j - +6 ring of slaying

@: somewhat resistant to hostile enchantments, extremely unstealthy
A: retaliatory headbutt, horns 2
a: no special abilities


You were on level 6 of the Dungeon.
You were not hungry.

You visited 2 branches of the dungeon, and saw 7 of its levels.

You collected 324 gold pieces.

Inventory:

Hand Weapons
 a - a +0 war axe (weapon)
 q - a +0 whip of electrocution
 w - a +0 blowgun
Missiles
 g - 5 needles of frenzy
 v - 36 poisoned needles
Armour
 b - a +0 scale mail
 c - a +0 shield
 k - a +2 hat (worn)
 o - a +0 cloak (worn)
 r - a +0 chain mail (worn)
 G - a +0 large shield (worn)
Jewellery
 j - a +6 ring of slaying (left hand)
 p - an uncursed ring of flight
 x - a ring of protection from magic (right hand)
 C - an uncursed ring of protection from fire {unknown}
Wands
 E - a wand of polymorph (23)
Scrolls
 f - a scroll of fear {unknown}
 h - 4 scrolls of remove curse
 m - 2 scrolls of magic mapping
 y - 3 scrolls of teleportation
 B - a scroll of recharging
 I - a scroll of identify
Potions
 d - 2 potions of might
 n - a potion of ambrosia
 s - a potion of agility
 z - 5 potions of curing
 A - 2 potions of lignification
 H - a potion of flight
Books
 t - a book of Party Tricks

   Spells                             Type                      Level
   a - Summon Butterflies             Summoning                    1
   b - Apportation                    Translocation                1
   c - Tukima's Dance                 Hexes                        3
   d - Alistair's Intoxication        Transmutation/Poison         4
   e - Invisibility                   Hexes                        6
Comestibles
 e - 5 bread rations
 i - 2 fruits
 l - a beef jerky
 u - 2 meat rations
 D - 6 chunks of flesh


   Skills:
 + Level 5.3 Fighting
 + Level 6.6 Axes
 + Level 7.6 Armour
 + Level 4.1 Dodging
 + Level 1.4 Stealth
 + Level 5.8 Shields


You had 6 spell levels left.
You knew the following spells:

 Your Spells              Type           Power        Failure   Level  Hunger
a - Apportation           Tloc           #.........   100%        1    ##.....


Dungeon Overview and Level Annotations

Branches:
Dungeon (6/15)             Temple (1/1) D:4

Altars:
Cheibriados
Elyvilon
Fedhas
Gozag
Kikubaaqudgha
Makhleb
Okawaru
Qazlal
Ru
Trog
Vehumet
Yredelemnul
Zin
The Shining One


Innate Abilities, Weirdness & Mutations

You reflexively headbutt those who attack you in melee.
You have a pair of horns on your head.


Message History

The electric eel shoots out a bolt of lightning at you!
The bolt of electricity hits you! x2
The bolt of electricity hits the electric eel.
The electric eel completely resists.
Your unstable footing causes you to fumble your attack.
A centaur comes into view.
Your unstable footing causes you to fumble your attack.
The centaur shouts!
The electric eel shoots out a bolt of lightning at you!
The bolt of electricity hits you! x2
* * * LOW HITPOINT WARNING * * *
The bolt of electricity hits the electric eel.
The electric eel completely resists.
You block the gnoll's attack.
The electric eel shoots out a bolt of lightning at you!
The bolt of electricity hits the gnoll.
The bolt of electricity hits you!
* * * LOW HITPOINT WARNING * * *
The electric eel shoots out a bolt of lightning at you!
The bolt of electricity hits the gnoll.
The bolt of electricity hits you!
You die...

♣.P #P♣ .PP# #PP# .PP# #P..
.♣. .# #P.# ♣ ..♣# .# ..P
#.♣..## .# PP## #P.P.# .#
####.♣##..@P# .#
#.##.P####♣.♣# . .#
##.#..(((..(..### ...
.#####.#.#..#.##...#≈♣♣gP≈≈
......###..##.#...g♣≈≈≈≈≈≈≈
######.#..........♣;≈≈≈≈P≈≈
## #......####...#♣≈≈≈≈≈≈≈
.# #.###.## ##..# ≈♣♣≈≈≈≈
.####'###.# ##.. .. ♣≈≈


You could see an electric eel and a gnoll.

Vanquished Creatures
  Prince Ribbit (D:5)
  A hippogriff (D:6)
  2 phantoms
  An ogre (D:5)
  5 scorpions (D:5)
  2 crimson imps
  2 hounds (D:4)
  An iguana (D:6)
  A giant frog skeleton (D:4)
  3 worker ants
  8 adders
  3 gnolls (D:4)
  A shadow imp (D:5)
  An ooze (D:3)
  3 worms
  4 giant geckos
  28 orcs
  9 giant cockroaches
  7 hobgoblins
  3 jackals (D:3)
  6 kobolds
  11 bats
  5 giant newts
  7 goblins
  A quokka skeleton (D:5)
  7 rats
  8 fungi (D:5)
131 creatures vanquished.

Vanquished Creatures (others)
  A wizard (D:3)
  A quokka (D:4)
  3 fungi (D:5)
5 creatures vanquished.

Grand Total: 136 creatures vanquished

Notes
Turn   | Place    | Note
--------------------------------------------------------------
     0 | D:1      | andalon the Minotaur Fighter began the quest for the Orb.
     0 | D:1      | Reached XP level 1. HP: 19/19 MP: 0/0
   102 | D:1      | Reached skill level 4 in Armour
   289 | D:1      | Reached XP level 2. HP: 26/26 MP: 1/1
   857 | D:2      | Reached XP level 3. HP: 31/33 MP: 2/2
   960 | D:2      | Found a glowing silver altar of Zin.
  1768 | D:3      | Found a stormy altar of Qazlal.
  1773 | D:3      | Found a sacrificial altar of Ru.
  1781 | D:3      | Found an ancient bone altar of Kikubaaqudgha.
  1941 | D:3      | Reached skill level 1 in Dodging
  1941 | D:3      | Reached XP level 4. HP: 24/40 MP: 3/3
  2285 | D:3      | Found a bloodstained altar of Trog.
  2289 | D:3      | Noticed a wizard
  2293 | D:3      | Killed a wizard
  2999 | D:4      | Reached skill level 5 in Armour
  2999 | D:4      | Reached XP level 5. HP: 43/46 MP: 4/4
  3093 | D:4      | Noticed a phantom
  3143 | D:4      | Killed a phantom
  3143 | D:4      | Reached skill level 5 in Shields
  3143 | D:4      | Reached XP level 6. HP: 37/52 MP: 5/5
  3231 | D:4      | Found a staircase to the Ecumenical Temple.
  3241 | D:4      | Found a white marble altar of Elyvilon.
  3355 | Temple   | Entered the Ecumenical Temple
  3801 | D:5      | Entered Level 5 of the Dungeon
  3885 | D:5      | Found a blossoming altar of Fedhas.
  3932 | D:5      | Noticed Prince Ribbit
  3943 | D:5      | Killed Prince Ribbit
  3943 | D:5      | Reached skill level 5 in Axes
  3943 | D:5      | Reached skill level 6 in Armour
  3943 | D:5      | Reached XP level 7. HP: 45/60 MP: 6/6
  4048 | D:5      | Found a snail-covered altar of Cheibriados.
  4168 | D:5      | Reached skill level 1 in Stealth
  4402 | D:5      | Reached skill level 5 in Fighting
  4430 | D:5      | Reached skill level 7 in Armour
  4430 | D:5      | Reached XP level 8. HP: 52/68 MP: 7/7
  4803 | D:5      | Found an opulent altar of Gozag.
  5011 | D:5      | Learned a level 1 spell: Apportation
  5132 | D:6      | Found a white marble altar of Elyvilon.
  5174 | D:6      | Found a blossoming altar of Fedhas.
  5404 | D:6      | HP: 2/68 [electric eel/bolt of electricity (14)]
  5407 | D:6      | Killed from afar by an electric eel

Action                   |  1- 3 |  4- 6 |  7- 9 || total
-------------------------+-------+-------+-------++-------
Melee: War axe           |    83 |   100 |    97 ||   280
  Use: Scroll            |     8 |       |     2 ||    10
       Potion            |     7 |     2 |     2 ||    11
  Eat: Pizza             |     1 |       |       ||     1
       Chunk             |     2 |     2 |     3 ||     7
       Bread ration      |       |     1 |       ||     1
       Meat ration       |       |       |     1 ||     1
